 Dungeon Crawl Stone Soup version 0.19-a0-1912-g48530cd (webtiles) character file.

516 severens the Ruffian (level 7, 0/46 HPs)
             Began as an Octopode Fighter on Dec 13, 2016.
             Was an Initiate of Gozag.
             Slain by an orc
             ... wielding a +0 whip of electrocution
              (7 damage)
             ... on level 5 of the Dungeon.
             The game lasted 00:12:08 (4489 turns).

severens the Ruffian (Octopode Fighter)             Turns: 4489, Time: 00:12:09

Health: 0/46       AC:  1    Str: 15    XL:     7   Next: 20%
Magic:  16/16      EV: 12    Int: 11    God:    Gozag
Gold:   440        SH: 13    Dex: 13    Spells: 6/6 levels left

rFire  . . .     SeeInvis .       - Unarmed
rCold  . . .     Faith    .     a - +0 shield
rNeg   . . .     Spirit   .     (helmet restricted)
rPois  .         Reflect  .     (no amulet)
rElec  .                        h - ring of magical power
rCorr  .                        (no ring)
MR     .....                    (no ring)
Stlth  +++.......               (no ring)
                                (no ring)
                                (no ring)
                                (no ring)
                                (no ring)

@: gold aura
A: almost no armour, stealthy swim, amphibious, 8 rings, constrict 8, large bone
plates 1, camouflage 1, gelatinous body 1
a: Potion Petition, Call Merchant, Bribe Branch, Renounce Religion


You were on level 5 of the Dungeon.
You worshipped Gozag.
Gozag was aware of your devotion.
You were not hungry.

You visited 1 branch of the dungeon, and saw 5 of its levels.

You collected 474 gold pieces.
You paid 34 gold pieces to Gozag.

Inventory:

Hand Weapons
 u - a +0 hunting sling
Missiles
 e - 1441 stones
 t - 219 sling bullets
 w - 87 tomahawks (quivered)
Armour
 a - a +0 shield (worn)
Jewellery
 h - a ring of magical power (left tentacle)
Scrolls
 c - a scroll of recharging {unknown}
 d - 2 scrolls of noise {unknown}
 f - 5 scrolls of remove curse
 g - a scroll of fog {unknown}
 i - a scroll of immolation {unknown}
 o - a scroll of teleportation {unknown}
 p - 3 scrolls of blinking {unknown}
 q - 2 scrolls of fear {unknown}
 r - a scroll of amnesia {unknown}
 s - a scroll of identify {unknown}
 v - 2 scrolls of magic mapping {unknown}
Potions
 b - a potion of might
 j - a potion of lignification {unknown}
 k - a potion of haste {unknown}
 l - 3 potions of mutation
 m - a potion of flight {unknown}
 n - a potion of curing {unknown}
 x - a potion of magic {unknown}


   Skills:
 - Level 3.0 Fighting
 + Level 3.8 Dodging
 - Level 1.7 Stealth
 + Level 3.9 Shields
 + Level 6.5 Unarmed Combat


You had 6 spell levels left.
You didn't know any spells.

Dungeon Overview and Level Annotations

Branches:
Dungeon (5/15)             Temple (0/1) D:5
   Lair: D:-1         Crypt: Vaults:-1     Tomb: Vaults:-1

Altars:
Gozag
Qazlal
Xom
Zin

Shops:
D:4 !


Innate Abilities, Weirdness & Mutations

You cannot wear most types of armour.
You are very stealthy in the water.
You are amphibious.
You can wear up to eight rings at the same time.
You can use your tentacles to constrict eight enemies at once.
Your skin changes colour to match your surroundings (Stealth+).
Your rubbery body absorbs attacks. (AC +1, EV +1)
You are partially covered in large bone plates. (SH +4)


Message History

You barely miss the orc priest. You grab the orc priest (0).
You squeeze the orc priest (4).
The orc priest is severely wounded.
You constrict the orc priest (2).
The orc priest invokes the aid of Beogh against you.
Pain shoots through your body!
* * * LOW HITPOINT WARNING * * *
The orc hits you with a dagger (4).
* * * LOW HITPOINT WARNING * * *
You tentacle-slap the orc priest (5).
You kill the orc priest!
You closely miss the orc. Your grab misses the orc. You block the orc's attack.
You barely miss the orc. You grab the orc (0). You constrict the orc (1).
The orc barely misses you. You block the orc's attack.
Your shield prevents you from hitting the orc.
The orc is lightly wounded.
You constrict the orc (3). You block the orc's attack.
The orc hits you with a whip of electrocution (7)!
You die...
Your body crumbles into a pile of gold.

...................#.......#....#
#...##...#######..##...#####....#
#...##...####.##..##)..##.##....#
....#.....#........)............#
....#.....#.....................#
#...#...........................#
#...'........_..................#
....#.....#....$................#
....#.....#....o@o..............#
##'#####'#######.##....###......#
#...##...##[..##.##....###......#
.................)..............#
................................#
#....................[...)......#
#........#######.######.##.##.).#
.........##.c #.##..##+##.######
..........+.. .................#


You could see 2 orcs.

Vanquished Creatures
  A centaur (D:5)
  Blork the orc (D:5)
  2 orc priests
  A jelly (D:5)
  A bullfrog skeleton (D:5)
  A centaur skeleton (D:5)
  3 worker ants
  An iguana (D:5)
  6 adders
  An ooze (D:2)
  2 dart slugs (D:2)
  2 leopard geckos
  10 orcs
  A giant cockroach (D:1)
  6 hobgoblins
  9 jackals
  5 kobolds
  2 quokkas
  A ball python (D:4)
  3 bats (D:2)
  4 frilled lizards
  5 goblins
  4 rats
72 creatures vanquished.

Notes
Turn   | Place    | Note
-------+----------+-------------------------------------------
     0 | D:1      | severens the Octopode Fighter began the quest for the Orb.
     0 | D:1      | Reached XP level 1. HP: 16/16 MP: 1/1
   243 | D:1      | Reached XP level 2. HP: 21/21 MP: 2/2
   716 | D:2      | Reached XP level 3. HP: 26/26 MP: 3/3
  1311 | D:2      | Reached skill level 1 in Stealth
  1311 | D:2      | Reached XP level 4. HP: 31/31 MP: 4/4
  1519 | D:2      | Found a faded altar of an unknown god.
  1538 | D:2      | Found a stormy altar of Qazlal.
  1915 | D:3      | Found an opulent altar of Gozag.
  1947 | D:3      | Became a worshipper of Gozag Ym Sagoz the Greedy
  2262 | D:3      | Reached skill level 3 in Unarmed Combat
  2397 | D:4      | Found a glowing silver altar of Zin.
  2397 | D:4      | Noticed a phantom
  2417 | D:4      | Found Ureorauk's Distillery.
  2804 | D:4      | Reached XP level 5. HP: 36/36 MP: 5/5
  2995 | D:4      | Noticed a phantom
  3004 | D:4      | Reached skill level 4 in Unarmed Combat
  3475 | D:4      | Gained mutation: You are partially covered in large bone plates. (SH +4) [potion of mutation]
  3475 | D:4      | Gained mutation: You are agile. (Dex +2) [potion of mutation]
  3475 | D:4      | Lost mutation: You are agile. (Dex +2) [potion of mutation]
  3479 | D:4      | HP: 1/36 [orc/mace (7)]
  3724 | D:5      | Entered Level 5 of the Dungeon
  3771 | D:5      | Found a staircase to the Ecumenical Temple.
  3794 | D:5      | Noticed Blork the orc
  3804 | D:5      | Killed Blork the orc
  3804 | D:5      | Reached skill level 5 in Unarmed Combat
  3804 | D:5      | Reached XP level 6. HP: 42/42 MP: 6/6
  4007 | D:5      | Found a shimmering altar of Xom.
  4116 | D:5      | Reached skill level 6 in Unarmed Combat
  4478 | D:5      | Reached XP level 7. HP: 19/46 MP: 7/7
  4489 | D:5      | Slain by an orc

Vault maps used:
D:1:      lightli_arrival_maybe_door_vault, minmay_liquid_box
D:2:      lemuel_round_altar, ecumenical_altar_1
D:3:      lemuel_round_altar
D:4:      overflow_temple_1_default, serial_shops, shop, first_bread,
          grunt_decor_one_mirror
D:5:      basic_altar, uniq_blork_the_orc

Skill      XL: |  1  2  3  4  5  6 |
---------------+-------------------+-----
Stealth        | 1 |  1.7
Unarmed Combat | 3 5 6 |  6.5
Fighting       | |  3.0
Dodging        | |  3.8
Shields        | |  3.9

Action                   |  1- 3 |  4- 6 |  7- 9 || total
-------------------------+-------+-------+-------++-------
Melee: Unarmed           |    68 |   142 |     6 ||   216
       Constrict         |    17 |    29 |     2 ||    48
       Tentacles         |    19 |    34 |     1 ||    54
       Punch             |     2 |     2 |       ||     4
Throw: Stone             |       |    16 |       ||    16
       Tomahawk          |       |     7 |       ||     7
  Use: Scroll            |       |     1 |       ||     1
       Potion            |       |     3 |       ||     3
 Stab: Sleeping          |     6 |     6 |       ||    12
       Distracted        |     1 |       |     1 ||     2
Armor: Skin              |     3 |       |       ||     3
Dodge: Dodged            |    23 |    53 |     1 ||    77
Block: Shield            |    20 |    62 |     4 ||    86
